Cogmind - Beta 17.1 @@@ ROGUE MODE // 2026.09.10 @ 03:15:49 Player: MrFartsburg Result: Destroyed by Y-45 Defender with Beam Rifle Performance ------------- Evolutions (1) 500 Regions Visited (3) 600 Robots Destroyed (32) 160 Value Destroyed (624) 624 Prototype IDs (0) 0 Alien Tech Used (0) 0 Bonus (0) 0 TOTAL SCORE: 1884 Bonus ------- None Cogmind --------- Core Integrity 0/400 Matter 300/300 Energy 100/100 System Corruption 0% Temperature Cool (9) Movement Core (400) Ox7 Location -9/Storage Parts ------- > --- POWER (2) -------- (None) > --- PROPULSION (3) --- Compact Wheel > --- UTILITY (2) ------ Large Storage Unit Machine Analyzer > --- WEAPON (2) ------- Mace > --- INVENTORY (15) --- Structural Scanner Improved Signal Interpreter Improved Targeting Computer Light Armor Plating Medium Laser Particle Cannon Peak State ------------ > --- POWER ------------ Ion Engine Improved Ion Engine > --- PROPULSION ------- Compact Wheel Improved Hover Unit Improved Hover Unit > --- UTILITY ---------- Large Storage Unit Machine Analyzer > --- WEAPON ----------- Autogun Mace > --- INVENTORY -------- Structural Scanner Improved Signal Interpreter Improved Targeting Computer Light Armor Plating Medium Laser Particle Cannon [Rating: 17] Favorites ----------- Power Light Ion Engine Engine Light Ion Engine Propulsion Aluminum Leg Leg Aluminum Leg Wheel Compact Wheel Hover Unit Improved Hover Unit Utility Large Storage Unit Storage Large Storage Unit Processor Machine Analyzer Weapon Light EM Pulse Cannon Energy Gun EM Shotgun Energy Cannon Light EM Pulse Cannon Ballistic Gun Autogun Launcher Grenade Launcher Special Weapon Welding Torch Impact Weapon Mace Build | -11 -10 -9 -9 ------- Run | Yrd Mat Mat Sto Slots Evolved 2 | . . 2 . Power 1 | . . 1 . Propulsion 1 | . . 1 . Utility . | . . . . Weapon . | . . . . Parts Attached 27 | 6 4 10 7 Power 6 | 1 . 2 3 Engine 6 | 1 . 2 3 Core . | . . . . Reactor . | . . . . Propulsion 8 | 2 1 4 1 Treads . | . . . . Leg 4 | 2 1 1 . Wheel 2 | . . 2 . Hover 2 | . . 1 1 Flight . | . . . . Utility 4 | 1 1 2 . Device . | . . . . Storage 2 | 1 1 . . Processor 2 | . . 2 . Hackware . | . . . . Protection . | . . . . Artifact . | . . . . Weapon 9 | 2 2 2 3 Energy Gun 3 | 1 1 1 . Energy Cannon 1 | . . 1 . Ballistic Gun 2 | 1 . . 1 Ballistic Cannon . | . . . . Launcher 1 | . 1 . . Special Weapon 1 | . . . 1 Impact Weapon 1 | . . . 1 Slashing Weapon . | . . . . Piercing Weapon . | . . . . Special Melee Weapon . | . . . . Unidentified Prototypes . | . . . . Parts Lost 15 | . . 4 11 Power 5 | . . 1 4 Propulsion 5 | . . 2 3 Utility . | . . . . Weapon 5 | . . 1 4 Highest Loss Streak 6 | . . 2 6 To Critical Strikes . | . . . . Average Backups 6 | 1 4 8 8 Power . | . 1 . . Propulsion 1 | . 1 2 1 Utility 1 | . . 1 3 Weapon 2 | . 1 3 2 Tool/Special . | . . . . Unused Backups 6 | . . . 6 Power . | . . . . Propulsion . | . . . . Utility 5 | . . . 5 Weapon 1 | . . . 1 Tool/Special . | . . . . Average Slot Usage (%) 86 | . 84 83 90 Engine 17 | . 14 18 19 Leg 14 | . 27 21 . Wheel 8 | . . 4 16 Hover 4 | . . . 10 Storage 11 | . 14 11 11 Processor 6 | . . 4 11 Energy Gun 9 | . 14 12 4 Energy Cannon 3 | . . 5 4 Ballistic Gun 5 | . 11 . 6 Launcher 1 | . 2 3 . Impact Weapon 2 | . . . 6 Peak Build Rating 17 | 6 7 14 17 Average Rating 10 | 4 6 10 14 On Entrance 6 | . 6 7 13 Avg Prop Armor Cover (%) 3 | . . . 3 Naked Turns . | . . . . Heaviest Build 37 | 12 30 33 37 Greatest Support 30 | 20 20 30 26 Greatest Overweight (x) 7 | 3 1 1 7 Average Overweight (x) 1 | . . . 1 Largest Inventory Capacity 15 | 8 15 15 15 Average Capacity 14 | 7 14 15 15 Most Carried 12 | 2 7 11 12 Average Carried 6 | 1 4 8 8 Final Capacity 15 | 8 15 15 15 Final Carried 9 | 2 7 9 6 Class Distribution -------------------- 97% | Mutant Dominant Class ---------------- Mutant | -10/Materials Mutant | -9/Materials Mutant | -9/Storage Resources | -11 -10 -9 -9 ----------- Run | Yrd Mat Mat Sto Matter Collected 570 | 192 109 196 73 Remotely . | . . . . Salvage Created 783 | . 143 406 234 Parts 66 | . 13 42 11 Haulers Intercepted 1 | . . . 1 Recyclers Shooed 2 | . 1 . 1 Parts Field Recycled . | . . . . Retrieved Matter . | . . . . Parts Self-Destructed . | . . . . Prevented . | . . . . Parts Restored . | . . . . Kills | -11 -10 -9 -9 ------- Run | Yrd Mat Mat Sto Combat Hostiles Destroyed 24 | . 4 16 4 Melee 2 | . . . 2 Guns 12 | . 4 8 . Cannons 7 | . . 6 1 AOE 2 | . . 2 . Classes Destroyed 7 | . 4 2 1 Worker 1 | . . 1 . Builder 2 | . 2 . . Hauler 1 | . . . 1 Watcher 4 | . 1 3 . Swarmer 14 | . 2 12 . Grunt 6 | . 2 3 1 Sentry 4 | . . 1 3 Best Kill Streak 9 | . 3 9 2 Combat Bots Only 6 | . 2 6 2 Max Kills in Single Turn 2 | . 2 2 1 Gunslinging 1 | . . 1 . Exploded 1 | . . 1 . Melee 1 | . . . 1 Uniques/NPCs Destroyed . | . . . . Combat | -11 -10 -9 -9 -------- Run | Yrd Mat Mat Sto Hostile Shots Fired 188 | . 43 66 79 Missed 49 | . 14 14 21 Hits 139 | . 29 52 58 Projectile 139 | . 29 52 58 AOE 1 | . . . 1 Critical Strikes 3 | . . . 3 Damage Taken 1731 | . 304 500 927 Core 472 | . 70 114 288 Absorbed by Shields . | . . . . Core Remaining (%) 86 | 100 72 . . Volleys Fired 62 | . 29 26 7 Largest 2 | . 2 2 2 Hottest 106 | . 80 106 101 Shots Fired 113 | . 54 48 11 Gun 84 | . 51 26 7 Cannon 20 | . . 18 2 Launcher 7 | . 3 4 . Special 2 | . . . 2 Kinetic 27 | . 22 . 5 Thermal 42 | . 29 11 2 Explosive 7 | . 3 4 . Electromagnetic 37 | . . 33 4 Robot Hit Streak 9 | . 9 5 2 Robot Miss Streak 5 | . 5 5 3 Penetration Max . | . . . . Secondary Targets 1 | . . 1 . Max Gunslinging Chain 1 | . . 1 . Shots Hit Robots 81 | . 30 29 22 Core Hits 50 | . 18 27 5 Critical Kills . | . . . . Critical Parts Destroyed 3 | . . . 3 Critical Strikes 6 | . 2 1 3 Burn 3 | . 2 1 . Smash 3 | . . . 3 Melee Attacks 19 | . . . 19 Impact 19 | . . . 19 Slashing . | . . . . Piercing . | . . . . Sneak Attacks 1 | . . . 1 Combat Hostiles . | . . . . Follow-up Attacks . | . . . . Damage Inflicted 1663 | . 408 692 563 Guns 596 | . 300 245 51 Cannons 247 | . . 225 22 Explosions 306 | . 108 198 . Melee 475 | . . . 475 Ramming 39 | . . 24 15 Kinetic 115 | . 84 . 31 Thermal 362 | . 216 146 . Explosive 274 | . 108 166 . Electromagnetic 398 | . . 356 42 Impact 475 | . . . 475 Slashing . | . . . . Piercing . | . . . . Highest Corruption . | . . . . Average Corruption . | . . . . Corruption Purged . | . . . . Corruption Blocked . | . . . . Overload Shots . | . . . . Overflow Damage 151 | . . 24 127 Projectiles 24 | . . 24 . Explosions . | . . . . Melee 127 | . . . 127 Knockbacks 1 | . . . 1 Impact 1 | . . . 1 Kinetic . | . . . . Secondary . | . . . . Self-Inflicted Damage 10 | . . 3 7 Shots 1 | . . 1 . Rammed 3 | . . 1 2 Targets Rammed 7 | . . 5 2 Kicked 4 | . . 4 . Crushed . | . . . . Highest Temperature 293 | . 272 293 96 Average Temperature 81 | . 83 87 32 Received Heat Transfer 537 | . 111 69 357 Effects 3 | . 2 1 . Interference 3 | . 2 1 . Siege Activations . | . . . . Martial Activations . | . . . . Shielding Activations . | . . . . Robots Disrupted . | . . . . Combat Hostiles . | . . . . Robots Corrupted 2 | . . . 2 Combat Hostiles 1 | . . . 1 Parts Fried 3 | . . 1 2 Impact Corruptions 5 | . . . 5 Robots Melted . | . . . . Combat Hostiles . | . . . . Parts Melted 2 | . 2 . . Heat Transferred 1161 | . 754 407 . Parts Sabotaged . | . . . . Parts Stolen . | . . . . Parts Stripped . | . . . . Power Chain Reactions 1 | . . 1 . Alert | -11 -10 -9 -9 ------- Run | Yrd Mat Mat Sto Maximum Alert Level 1 | . . 1 . Low Security (%) 91 | 100 100 73 100 Level 1 8 | . . 26 . Level 2 . | . . . . Level 3 . | . . . . Level 4 . | . . . . Level 5 . | . . . . High Security . | . . . . Max Security . | . . . . Peak Influence 316 | . 40 316 119 Initial 119 | . . 9 119 Average 58 | . 9 124 37 Influence Increases 779 | . 116 511 152 Destroy 0b10 Robot/C 480 | . 80 320 80 Destroy 0b10 Robot/NC 40 | . 15 20 5 Destroy Leader 120 | . 12 76 32 Successful Hack 6 | . . 1 5 Disable Machine 15 | . . 15 . Destroy Structure 43 | . 9 34 . Lose Combat Pursuer 75 | . . 45 30 Influence Decreases 779 | . 94 249 436 Entered New Map 178 | . . 13 165 Time Decay 501 | . 94 196 211 Lost Part 100 | . . 40 60 Squads Dispatched 4 | . . 3 1 Investigation 1 | . . 1 . Extermination . | . . . . Reinforcement 3 | . . 2 1 Assault . | . . . . Garrison . | . . . . Intercept . | . . . . Searches Triggered . | . . . . Construction Impeded . | . . . . Haulers Reinforced . | . . . . Active Scanning Responses . | . . . . Cargo Convoy Interrupts . | . . . . Stealth | -11 -10 -9 -9 --------- Run | Yrd Mat Mat Sto Distress Signals 3 | . . 2 1 Communications Jammed . | . . . . Distress Signals . | . . . . Times Spotted 42 | . 9 24 9 Peak Tracking Total 6 | . 3 6 6 Tactical Retreats 3 | . . 2 1 Traps | -11 -10 -9 -9 ------- Run | Yrd Mat Mat Sto Traps Triggered . | . . . . Indirectly . | . . . . Trap Hack Attempts . | . . . . Triggered . | . . . . Disarmed . | . . . . Reprogrammed . | . . . . Reused . | . . . . Traps Extracted . | . . . . Installed . | . . . . Triggered . | . . . . Machines | -11 -10 -9 -9 ---------- Run | Yrd Mat Mat Sto Machines Disabled 1 | . . 1 . Max in Single Turn 1 | . . 1 . Machines Repaired . | . . . . Machines Dismantled . | . . . . Machines Sabotaged . | . . . . Overloaded Fab Kills . | . . . . Hacking | -11 -10 -9 -9 --------- Run | Yrd Mat Mat Sto Machines Accessed 7 | . 2 2 3 Terminals 3 | . 1 1 1 Fabricators . | . . . . Repair Stations 1 | . . . 1 Recycling Units 3 | . 1 1 1 Scanalyzers . | . . . . Garrison Access . | . . . . Total Hacks 15 | . 5 5 5 Successful 10 | . 3 4 3 Failed 5 | . 2 1 2 Catastrophic . | . . . . Database Lockouts . | . . . . Manual . | . . . . Terminals 8 | . 3 2 3 Fabricators . | . . . . Repair Stations 1 | . . . 1 Recycling Units 6 | . 2 3 1 Scanalyzers . | . . . . Garrison Access . | . . . . Terminal Hacks 4 | . 1 1 2 Record 1 | . 1 . . Recycling Unit Index 1 | . . 1 . Alert Level 1 | . . . 1 Zone Layout 1 | . . . 1 Fabricator Hacks . | . . . . Repair Station Hacks 1 | . . . 1 Scan Component 1 | . . . 1 Recycling Unit Hacks 5 | . 2 3 . Recycle Component 2 | . 1 1 . Process 2 | . 1 1 . Report Inventory 1 | . . 1 . Scanalyzer . | . . . . Garrison Access Hacks . | . . . . Unauthorized Hacks . | . . . . Terminals . | . . . . Fabricators . | . . . . Repair Stations . | . . . . Recycling Units . | . . . . Scanalyzers . | . . . . Garrison Access . | . . . . Data Cores Recovered . | . . . . Used . | . . . . Hacking Detections 5 | . 1 2 2 Full Trace Events 3 | . 1 1 1 Feedback Events . | . . . . Feedback Blocked . | . . . . Robot Schematics Acquired . | . . . . Robots Built . | . . . . Authchips . | . . . . Time . | . . . . Total Robot Build Rating . | . . . . Part Schematics Acquired . | . . . . Parts Built . | . . . . Authchips . | . . . . Time . | . . . . Total Part Build Rating . | . . . . Part Studies Acquired . | . . . . Parts Repaired . | . . . . Time . | . . . . Parts Recycled 2 | . 1 1 . Recycled Matter 90 | . 76 14 . Retrieved Matter . | . . . . Retrieved Components . | . . . . Parts Scanalyzed . | . . . . Part Schematics Acquired . | . . . . Parts Damaged . | . . . . Bothacking | -11 -10 -9 -9 ------------ Run | Yrd Mat Mat Sto Used RIF Installer . | . . . . Robots Hacked . | . . . . Non-combat . | . . . . Combat . | . . . . Robot Hacks Applied . | . . . . Relay Couplers Released . | . . . . Fabnet Peak Effective % . | . . . . Robots Rewired . | . . . . Allies Hacked . | . . . . Hacks Repelled . | . . . . Allies | -11 -10 -9 -9 -------- Run | Yrd Mat Mat Sto Total Allies . | . . . . Largest Group . | . . . . Highest-Rated Group . | . . . . Highest-Rated Ally . | . . . . Total Orders . | . . . . Ally Attacks . | . . . . Total Damage . | . . . . Kills . | . . . . Allies Corrupted . | . . . . Allies Melted . | . . . . Intel | -11 -10 -9 -9 ------- Run | Yrd Mat Mat Sto Active Infowar (turns) 700 | . . 190 510 Machine Analysis 700 | . . 190 510 Robot Analysis Total . | . . . . Derelict Logs Recovered . | . . . . Drone Launches . | . . . . Drone Recoveries . | . . . . Exploration | -11 -10 -9 -9 ------------- Run | Yrd Mat Mat Sto Turns Passed 1571 | 55 378 525 613 Spaces Moved 838 | 34 163 258 383 Core 16 | 15 . . 1 Treads . | . . . . Legs 340 | 19 163 158 . Wheels 330 | . . 100 230 Hover 152 | . . . 152 Flight . | . . . . Fastest Speed 50 | 50 120 105 105 Average Speed 149 | 132 173 155 135 Slowest Speed 400 | 200 190 190 400 Overloaded Moves . | . . . . Propulsion Burnouts . | . . . . Robots Hopped . | . . . . Potential Cave-ins . | . . . . Cave-ins Triggered . | . . . . Exploration Rate (%) 26 | 4 28 28 44 Regions Visited 3 Branch Regions 1 Pre-discovered Areas . | . . . . Known Exits Taken . | . . . . Unknown Exits Taken 3 | 1 1 1 . Scrap Searched . | . . . . Spaces Dug . | . . . . Terrain Destroyed 41 | . 9 32 . Melee . | . . . . Projectile . | . . . . AOE 41 | . 9 32 . Terrain Rammed . | . . . . Walls Destroyed . | . . . . Machines Disabled . | . . . . Actions | -11 -10 -9 -9 --------- Run | Yrd Mat Mat Sto Total 1010 | 41 208 329 432 Wait 24 | . 4 13 7 Move 835 | 33 162 257 383 Hop . | . . . . Pick Up 23 | 2 7 10 4 Fast Attach 11 | 6 1 2 2 Attach 13 | . . 7 6 Detach 2 | . . 2 . Swap 8 | . 3 5 . Drop 6 | . 2 2 2 Fire 62 | . 29 26 7 Melee 19 | . . . 19 Ram 3 | . . 1 2 Kick 4 | . . 4 . Crush . | . . . . Escape Stasis . | . . . . Rewire . | . . . . Trap . | . . . . Miscellaneous . | . . . . Route ------- -11/Scrapyard -10/Materials -9/Materials -9/Storage History --------- Turn | Location | Event 7 | -11/Scrapyard | Discovered new exit (range 16) 56 | -11/Scrapyard | Entered Materials 331 | -10/Materials | Build established: Mutant 358 | -10/Materials | Discovered new exit (range 14) 434 | -10/Materials | Entered another Materials area 434 | -9/Materials | Evolved 2 slots: Power x1, Propulsion x1 938 | -9/Materials | Discovered new exit (range 16) 959 | -9/Materials | Entered Storage 1226 | -9/Storage | Core integrity fell below 50% 1283 | -9/Storage | Lost 6 parts (2p1n3w) 1564 | -9/Storage | Core integrity fell below 20% 1572 | -9/Storage | Destroyed by Y-45 Defender with Beam Rifle Last Messages --------------- Acquired 10 matter. Sneak attack on A-02 Transporter. Destroyed Ion Engine. A-02 Transporter system corrupted by crushing effect. Destroyed Weight Redist. System. A-02 Transporter system corrupted by crushing effect. A-02 Transporter system terminally corrupted. Transport Network Coupler fried. Ion Engine fried. R-06 Scavenger collects Terrain Scan Processor. Connecting with Door Terminal... Imp. Ion Engine destroyed. Compression Vault explodes. Autogun destroyed. Imp. Hover Unit destroyed. Ion Engine destroyed. Critical hit (Burn: +37). Imp. Hover Unit destroyed. Map ----- +----------------------------------------------------+ | ??????????????# ]! """ ## "???" #?????????? | | ??????????????# ] """ ## """"" #?????????? | | ??????????????# ] """ ## #?????????? | | ??????????????# ## #?????????? | | ?T????????????######+#######+#####?????????? | | ???????????????????#%#?????# #?????????????? | | ???????????????????# #?????# #?????????????? | | ?????????????????### ####### #??????######## | | ?????????????????# ######## ! # | | ?????????????????+ + ! # | | ?????????????????# ### = # | | ?????????????????# """"" !!! #?# # | | ?????????????????# """"" !!! ### =# | | ?????????????????#! """"" !!! # # | | ?????????????????# # # | | ???????????? ! % + # | | ???????????? ########/## # # | | ???????????? ##+####?# Y ##% ## # | | ??????????????? ?????# "T" ## ## # | | ??????????????? """???# ## ## # | | ??????????????# """???# ## ## # | | ??????????????#?"""??## ## ######### | | ????????????????"""??# ## T#??????? | | ??????????????#a""" # ## ##??????? | | ??????????????# ! #""""???????? | | ????????????????"""??# Y@ #???????????? | | ????????????????"""??# ##???????????? | | ????????????????"""??## ##????????????? | | ????????????????"""???########?????????????? | | ????????????????"""????????????????????????? | | ???????????????????????????????????????????? | | ???????????????????????????????????????????? | | ??????????????"""??????????????????????????? | | ???????????????Y"??????????????????????????? | | ??????????????"""??????????????????????????? | | ???????????????????????????????????????????? | | ???????????????????????????????????????????? | | ???????????????????????????????????????????? | | | | | | | | | | | | | | | | | | | | | | | | | +----------------------------------------------------+ Best States ------------- Heat Dissipation 28 Energy Generation 17 Energy Capacity 415 Matter Stores 300 Matter Capacity 300 Sight Range 16 Terrain Scan Density 85 Evasion (%) 55 Item Schematics ----------------- None Robot Schematics ------------------ None Fabricated ------------ Nothing Repaired ---------- Nothing Studied --------- None Alien Tech Used ----------------- None Achievements -------------- None Challenges ------------ None Game ------ Seed DisassembledRiotRailgun Manual? 0 Play Time 00:24:50 Cumulative 38.5 hours Start 2026.09.10 @ 02:50:13 End 2026.09.10 @ 03:15:49 Sessions 1 Manual Loads 0 Difficulty Rogue Special Mode None Game No. 75 Rogue 75 Adventurer 0 Explorer 0 Win Type - Total 0 Types 0/0/0/0/0/0/0/0/0/0 Lore% 13 Gallery% 25 Achievement% 17 Wizard Run 0 Options --------- Layout 1 ASCII 0 Keyboard 0 Movement Numpad Keybinds 0 Fullscreen 1 Font 32/SmallcapsGlow Map View 50x35 Zoom Use 0% Tactical HUD 0 Map Filters NONE Filters NONE Steam 1 RUN: ce5d0069-dbff-4989-8dd3-4faa12db4770